 Dungeon Crawl Stone Soup version 0.27.1-4-g1640c2035a (webtiles) character file.

Game seed: 3720900255012232319

14336 Crownlay the Destroyer (level 11, -34/89 HPs)
             Began as a Green Draconian Conjurer on Oct 31, 2021.
             Was a Priest of Vehumet.
             Annihilated by Rupert (36 damage)
             ... on level 13 of the Dungeon.
             The game lasted 00:28:12 (13680 turns).

Crownlay the Destroyer (Green Draconian Conjurer)  Turns: 13680, Time: 00:28:12

Health: -34/89     AC:  8    Str:  9    XL:     11   Next: 87%
Magic:  17/25      EV: 12    Int: 28    God:    Vehumet [***...]
Gold:   426        SH:  4    Dex: 10    Spells: 18/30 levels left

rFire    . . .     SeeInvis +   S - +5 trident (holy)
rCold    . . .     Faith    .   e - +0 buckler
rNeg     . . .     Spirit   .   (armour unavailable)
rPois    +         Reflect  .   (helmet restricted)
rElec    .         Harm     .   n - scarf {shadows}
rCorr    .         Rampage  .   H - +0 pair of gloves
Will     .....                  (no boots)
Stlth    ++........             h - amulet of the acrobat
HPRegen  0.24/turn              d - +6 ring of intelligence
MPRegen  0.19/turn              m - ring of see invisible

@: slowed, very slow
A: breathe noxious fumes, AC +7, unfitting armour, poison resistance,
cold-blooded
a: Breathe Noxious Fumes, Renounce Religion


You were on level 13 of the Dungeon.
You worshipped Vehumet.
Vehumet was most pleased with you.
You visited 2 branches of the dungeon, and saw 12 of its levels.

You collected 426 gold pieces.

Inventory:

Hand Weapons
 S - a +5 trident of holy wrath (weapon)
Missiles
 r - a curare-tipped dart
 P - 6 datura-tipped darts
 Q - 2 throwing nets
Armour
 e - a +0 buckler (worn)
 n - a scarf of shadows (worn)
 H - a +0 pair of gloves (worn)
Magical Staves
 U - a staff of poison
Jewellery
 d - a +6 ring of intelligence (left hand)
 f - a ring of willpower
 h - an amulet of the acrobat (around neck)
 m - a ring of see invisible (right hand)
 C - a ring of fire
 E - a +6 ring of strength
 F - a ring of resist corrosion
 K - a +4 ring of protection
 T - a ring of ice
Wands
 w - a wand of acid (15)
 y - a wand of digging (6)
 I - a wand of iceblast (3)
 J - a wand of flame (24)
 L - a wand of charming (13)
 R - a wand of polymorph (8)
Scrolls
 c - 2 scrolls of amnesia
 g - 2 scrolls of noise
 i - 7 scrolls of teleportation
 j - a scroll of acquirement {unknown}
 k - 2 scrolls of holy word
 l - a scroll of identify
 p - a scroll of enchant weapon {unknown}
 q - 2 scrolls of enchant armour
 s - 6 scrolls of fear
 x - a scroll of vulnerability {unknown}
 D - a scroll of immolation {unknown}
 G - a scroll of fog {unknown}
 O - a scroll of blinking
Potions
 a - 2 potions of attraction
 b - 3 potions of curing
 o - 4 potions of lignification
 t - 3 potions of brilliance
 u - a potion of resistance {unknown}
 v - 2 potions of cancellation
 z - a potion of might {unknown}
 A - a potion of haste
 B - a potion of berserk rage {unknown}
 M - a potion of flight {unknown}
 N - a potion of ambrosia {unknown}


   Skills:
 * Level 6.0 Fighting
 - Level 1.7 Dodging
 - Level 1.7 Stealth
 - Level 4.0 Shields
 - Level 10.0 Spellcasting
 - Level 14.0 Conjurations
 + Level 2.4 Poison Magic
 + Level 3.6 Evocations


You had 18 spell levels left.
You knew the following spells:

 Your Spells              Type           Power      Damage    Failure   Level
a - Magic Dart            Conj           100%       1d8       0%          1
b - Searing Ray           Conj           100%       3d7       0%          2
c - Dazzling Flash        Conj/Hex       100%       N/A       1%          3
d - Poisonous Vapours     Pois/Air       40%        N/A       1%          2
e - Olgreb's Toxic Radia  Pois           27%        N/A       4%          4

Your spell library contained the following spells:

 Spells                   Type           Power      Damage    Failure   Level
 Static Discharge         Conj/Air       52%        N/A       1%          2
 Fulminant Prism          Conj/Hex       26%        3d14      1%          4
 Iskenderun's Mystic Bla  Conj/Tloc      52%        2d11      1%          4
 Sticky Flame             Conj/Fire      52%        2d7       1%          4
 Animate Skeleton         Necr           28%        N/A       4%          1
 Apportation              Tloc           28%        N/A       4%          1
 Beastly Appendage        Tmut           28%        N/A       4%          1
 Corona                   Hex            15%        N/A       4%          1
 Summon Small Mammal      Summ           56%        N/A       4%          1
 Corpse Rot               Necr/Air       N/A        N/A       6%          2
 Sublimation of Blood     Necr           7%         N/A       6%          2
 Wereblood                Tmut           14%        N/A       6%          2
 Spider Form              Tmut/Pois      10%        N/A       8%          3
 Gell's Gravitas          Tloc           7%         N/A       12%         3
 Lesser Beckoning         Tloc           7%         N/A       12%         3
 Teleport Other           Tloc           14%        N/A       12%         3
 Dispel Undead            Necr           14%        3d10      36%         4
 Death Channel            Necr           7%         N/A       99%         6
 Summon Hydra             Summ           7%         N/A       100%        7


Dungeon Overview and Level Annotations

Branches:
Dungeon (13/15)            Temple (1/1) D:5             Orc (0/2) D:12
   Lair: D:8-11      Vaults: D:13-14

Altars:
Cheibriados
Dithmenos
Elyvilon
Fedhas
Gozag
Hepliaklqana
Nemelex Xobeh
Okawaru
Trog
Uskayaw
Vehumet
Wu Jian
Zin

Shops:
D:2 [

Annotations:
D:9 1 runed translucent door, Darold's ghost, journeyman HuHu
D:13 Rupert


Innate Abilities, Weirdness & Mutations

You can breathe blasts of noxious fumes.
Your lurid green scales are hard. (AC +7)
You cannot fit into any form of body armour.
Your system is resistant to poisons. (rPois)
You are cold-blooded and may be slowed by cold attacks.


Message History

Poisonous vapours surround Rupert!
Rupert is poisoned.
Casting: Poisonous Vapours (safe; 1% risk of failure)
Confirm with . or Enter, or press ? or * to list all spells.
Aiming: Searing Ray (safe; 0% risk of failure)
Press: ? - help, Shift-Dir - straight line, f/p - Rupert
Aim: Rupert, wielding a +1 great sword of freezing and wearing a +0 ring mail (lightly wounded, poisoned, 85% to hit)
The searing ray hits Rupert!
Rupert is lightly wounded. (Press . to maintain the ray.) Rupert roars wildly at you.
You shrug off the repeated paralysis!
The searing ray hits Rupert!
Rupert is moderately wounded.
Rupert roars madly and goes into a rage!
Rupert goes berserk!
The searing ray hits Rupert.
Rupert is moderately wounded.
Rupert barely misses you.
You hear a shout! x2
The searing ray hits Rupert!
Rupert is moderately wounded.
You finish channeling your searing ray.
You hear a shout!
You block Rupert's attack.
Rupert hits you with a +1 great sword of freezing!!
You feel yourself slow down. Rupert freezes you. Rupert closely misses you.
Casting: Searing Ray (safe; 0% risk of failure)
Confirm with . or Enter, or press ? or * to list all spells.
Aiming: Searing Ray (safe; 0% risk of failure)
Press: ? - help, Shift-Dir - straight line, f/p - Rupert
Aim: Rupert, wielding a +1 great sword of freezing and wearing a +0 ring mail (moderately wounded, berserk, poisoned, 85% to hit)
The searing ray hits Rupert!
Rupert is heavily wounded. (Press . to maintain the ray.) Rupert hits you with a +1 great sword of freezing!!!
* * * LOW HITPOINT WARNING * * *
Rupert freezes you!
* * * LOW HITPOINT WARNING * * *
Rupert hits you with a +1 great sword of freezing!!!
You die...

...................#....
..###.............###...
.# ##...........## #.
#.....#......##
#....###......#. #....##
##.......
......###........
.......#.........
........@.......
........@.......
................
................
................
......#.........
.....###........ ...#
##....... .. ......#.


You could see Rupert (berserk, poisoned).

Vanquished Creatures
  Fannar (D:12)
  A centaur warrior (D:12)
  3 two-headed ogres (D:12)
  Pikel (D:5)
  An ugly thing (D:13)
  2 cyclopes (D:12)
  3 kobold demonologists (D:12)
  An unseen horror (D:12)
  2 trolls
  5 slime creatures (D:12)
  Sigmund (D:2)
  A vampire (D:12)
  2 wraiths (D:12)
  Grum (D:8)
  2 vampire mosquitoes (D:12)
  A warg (D:12)
  Menkaure (D:5)
  Edmund (D:5)
  3 orc warriors
  Duvessa (D:6)
  4 ice beasts
  A sky beast (D:7)
  A black bear (D:7)
  3 wolves (D:8)
  3 ogres
  4 necrophages
  4 centaurs (D:13)
  2 lemures (D:5)
  6 kobold brigands
  2 gnoll sergeants
  A bullfrog (D:7)
  Dowan (D:6)
  A wyvern zombie (D:8)
  A wyvern skeleton (D:7)
  18 wights
  9 electric eels
  2 centaur zombies (D:8)
  A bullfrog zombie (D:5)
  2 bullfrog skeletons (D:6)
  6 orc priests
  A gnoll shaman (D:5)
  4 iguanas
  An iron imp (D:8)
  9 orc wizards
  Natasha (thrice) (D:3)
  A killer bee zombie (D:6)
  A hound skeleton (D:4)
  Robin (D:2)
  2 howler monkey zombies
  25 gnolls
  8 adders
  A shadow imp (D:6)
  3 white imps
  3 ufetubi
  An adder skeleton (D:4)
  2 worms (D:2)
  2 dart slugs
  24 orcs
  3 ball pythons
  2 endoplasms
  3 giant cockroaches
  13 goblins
  10 hobgoblins
  2 jackals (D:1)
  2 quokkas (D:2)
  10 bats
  3 frilled lizards
  7 kobolds
  4 rats (D:1)
257 creatures vanquished.

Vanquished Creatures (others)
  A butterfly (D:8)
  15 plants
16 creatures vanquished.

Grand Total: 273 creatures vanquished

Notes
Turn   | Place    | Note
-------+----------+-------------------------------------------
     0 | D:1      | Crownlay the Draconian Conjurer began the quest for the
                  | Orb.
     0 | D:1      | Reached XP level 1. HP: 14/14 MP: 3/3
   539 | D:1      | Reached XP level 2. HP: 20/20 MP: 3/5
   598 | D:1      | Learned a level 2 spell: Searing Ray
  1015 | D:2      | Reached skill level 1 in Shields
  1015 | D:2      | Reached XP level 3. HP: 26/26 MP: 1/7
  1553 | D:2      | Noticed Sigmund
  1565 | D:2      | Killed Sigmund
  1566 | D:2      | Reached XP level 4. HP: 33/33 MP: 2/9
  1566 | D:2      | Reached XP level 5. HP: 38/38 MP: 2/10
  1693 | D:2      | Found Afon's Armour Emporium.
  1823 | D:2      | Noticed Robin
  1827 | D:2      | Killed Robin
  2173 | D:3      | Found an iron altar of Okawaru.
  2183 | D:3      | Reached XP level 6. HP: 45/45 MP: 6/12
  2230 | D:3      | You fall into a shaft and drop 2 floors!
  2230 | D:5      | Entered Level 5 of the Dungeon
  2230 | D:5      | Found an opulent altar of Gozag.
  2290 | D:5      | Reached skill level 5 in Conjurations
  2514 | D:5      | Found an ornate altar of the Wu Jian Council.
  2593 | D:5      | Reached skill level 5 in Spellcasting
  2593 | D:5      | Your scales start taking on a lurid green colour.
  2593 | D:5      | Reached XP level 7. HP: 50/50 MP: 5/14
  2593 | D:5      | Gained mutation: Your system is resistant to poisons.
                  | (rPois) [Green Draconian growth]
  3008 | D:4      | Found a sparkling altar of Nemelex Xobeh.
  3420 | D:3      | Noticed Natasha
  3428 | D:3      | Killed Natasha
  3497 | D:3      | Found a faded altar of an unknown god.
  3561 | D:3      | Noticed Natasha
  3566 | D:3      | Killed Natasha
  3619 | D:3      | Noticed Natasha
  3623 | D:3      | Killed Natasha
  3877 | D:3      | Found a hazy altar of Hepliaklqana.
  3878 | D:3      | Found a shadowy altar of Dithmenos.
  3879 | D:3      | Noticed a shadow
  4144 | D:4      | Reached skill level 6 in Conjurations
  4722 | D:5      | Reached XP level 8. HP: 57/57 MP: 11/17
  4759 | D:5      | Found a staircase to the Ecumenical Temple.
  4765 | Temple   | Entered the Ecumenical Temple
  4817 | Temple   | Became a worshipper of Vehumet
  5184 | D:5      | Noticed Menkaure
  5210 | D:5      | Killed Menkaure
  5450 | D:5      | Noticed Edmund
  5461 | D:5      | Killed Edmund
  5813 | D:5      | Noticed Pikel
  5820 | D:5      | Killed Pikel
  5821 | D:5      | Reached skill level 7 in Conjurations
  6039 | D:6      | Reached XP level 9. HP: 62/62 MP: 16/21
  6076 | D:6      | Noticed Duvessa
  6081 | D:6      | Killed Duvessa
  6084 | D:6      | Noticed Dowan
  6089 | D:6      | Killed Dowan
  6188 | D:6      | Reached skill level 8 in Conjurations
  6824 | D:6      | Identified the +2 robe of Inference {rPois Int+2 Dex-5}
  6857 | D:6      | Reached * piety under Vehumet
  6857 | D:6      | Offered knowledge of Freeze by Vehumet.
  7406 | D:7      | Reached skill level 9 in Conjurations
  7977 | D:7      | Found a glowing silver altar of Zin.
  8322 | D:8      | Found a white marble altar of Elyvilon.
  8358 | D:8      | Reached skill level 10 in Conjurations
  8694 | D:8      | Noticed Grum
  8698 | D:8      | Reached XP level 10. HP: 66/69 MP: 18/23
  8701 | D:8      | Killed Grum
  8701 | D:8      | Reached ** piety under Vehumet
  8701 | D:8      | Offered knowledge of Shock by Vehumet.
  8998 | D:8      | Found a snail-covered altar of Cheibriados.
  9405 | D:8      | Learned a level 3 spell: Dazzling Flash
  9771 | D:9      | Found a hide-covered altar of Uskayaw.
  9828 | D:9      | Found a runed translucent door.
  9828 | D:9      | Noticed Darold's ghost (journeyman HuHu)
  9860 | D:9      | Reached skill level 11 in Conjurations
  9861 | D:9      | Offered knowledge of Poisonous Vapours by Vehumet.
  9933 | D:9      | Found a bloodstained altar of Trog.
  9943 | D:9      | Reached skill level 10 in Spellcasting
  9989 | D:9      | You fall into a shaft and drop 3 floors!
  9995 | D:12     | Noticed a two-headed ogre
 10004 | D:12     | Killed a two-headed ogre
 10005 | D:12     | Reached skill level 12 in Conjurations
 10008 | D:12     | Reached *** piety under Vehumet
 10259 | D:12     | Noticed Fannar
 10287 | D:12     | Killed Fannar
 10288 | D:12     | Reached XP level 11. HP: 59/74 MP: 14/25
 10398 | D:12     | Reached skill level 13 in Conjurations
 10467 | D:12     | Reached skill level 1 in Fighting
 10561 | D:12     | Reached skill level 1 in Evocations
 10619 | D:12     | Found a staircase to the Orcish Mines.
 10678 | D:12     | Noticed a two-headed ogre
 10685 | D:12     | Killed a two-headed ogre
 10788 | D:12     | Learned a level 2 spell: Poisonous Vapours
 10800 | D:12     | Noticed a two-headed ogre
 10803 | D:12     | Offered knowledge of Olgreb's Toxic Radiance by Vehumet.
 10807 | D:12     | Killed a two-headed ogre
 10818 | D:12     | Learned a level 4 spell: Olgreb's Toxic Radiance
 12053 | D:12     | Reached skill level 5 in Fighting
 12380 | D:13     | Noticed a green ugly thing
 12394 | D:13     | Killed a green ugly thing
 12395 | D:13     | Reached skill level 1 in Poison Magic
 12524 | D:13     | Noticed a centaur warrior
 13148 | D:12     | Killed a centaur warrior
 13149 | D:12     | Reached skill level 14 in Conjurations
 13666 | D:13     | Noticed Rupert
 13671 | D:13     | Paralysed by Rupert for 2 turns
 13680 | D:13     | HP: 2/89 [Rupert (17)]
 13680 | D:13     | Annihilated by Rupert

Illustrated notes

Levels and vault maps discovered:
D:1:      minmay_arrival_shoal_huts, layout_basic, glass_columns_a
D:2:      layout_rooms, serial_shops, shop, st_stairs_7, uniq_robin,
          uniq_sigmund
D:3:      layout_basic, riverfiend_overflow_shadow_ancestor,
          nicolae_overflow_crystal_walls, hellmonk_ecumenical_altar_lost_god,
          serial_bayou_pond_a, uniq_natasha
D:4:      layout_loops_ring, mainiacjoe_overflow_chevrons
D:5:      layout_cave_pods, mainiacjoe_overflow_six_doors_small,
          grunt_gozag_statues, temple_green, uniq_pikel, uniq_edmund,
          uniq_menkaure
D:6:      cheibrodos_helix_gallery, layout_basic, grunt_decor_resistance,
          uniq_duvessa
D:7:      layout_loops_ring, overflow_temple_1_default
D:8:      layout_gridville, nicolae_elyvilon_peaceful_grove, slow_altar_1,
          uniq_grum
D:9:      layout_roguey, mainiacjoe_overflow_tiny_flanked,
          mainiacjoe_overflow_surrounded_room, david_lair_shrubbed,
          gammafunk_ghost_grave
D:12:     layout_basic, david_orc_1_choice, uniq_fannar
D:13:     layout_big_octagon, grunt_vaults_entry_fortified, uniq_rupert
Temple:   minmay_temple_curvy_loop

Skill      XL: |  1  2  3  4  5  6  7  8  9 10 11 |
---------------+----------------------------------+-----
Shields        | 1 3 4 |  4.0
Spellcasting   | 3 4 5 6 8 9 10 | 10.0
Conjurations   | 5 6 7 10 12 14 | 14.0
Fighting       | 6 |  6.0
Evocations     | 3 |  3.6
Poison Magic   | 2 |  2.4
Dodging        | |  1.7
Stealth        | |  1.7

Action                   |  1- 3 |  4- 6 |  7- 9 | 10-12 || total
-------------------------+-------+-------+-------+-------++-------
Melee: Mace              |    11 |    10 |       |       ||    21
       Tailslap          |       |     1 |       |       ||     1
       Flail             |       |       |     5 |     2 ||     7
       Trident           |       |       |       |     1 ||     1
 Cast: Magic Dart        |    57 |    38 |    61 |    35 ||   191
       Searing Ray       |     3 |     9 |    88 |    85 ||   185
       Poisonous Vapours |       |       |       |    16 ||    16
       Olgreb's Toxic Ra |       |       |       |    13 ||    13
       Dazzling Flash    |       |       |       |     1 ||     1
 Abil: Breathe Noxious F |       |       |     1 |     2 ||     3
  Use: Potion            |       |     1 |       |     1 ||     2
       Scroll            |       |       |     7 |     4 ||    11
Armor: Skin              |     9 |     7 |     8 |    21 ||    45
Dodge: Dodged            |    22 |    28 |    46 |   134 ||   230
Block: Buckler           |       |       |    13 |    30 ||    43
